 Dungeon Crawl Stone Soup version 0.21-a0-140-g479285b (webtiles) character file.

47 Gorglomux the Vexing (level 3, 0/30 HPs)
             Began as a Hill Orc Arcane Marksman on July 19, 2017.
             Slain by an adder (3 damage)
             ... on level 2 of the Dungeon.
             The game lasted 00:01:29 (897 turns).

Gorglomux the Vexing (Hill Orc Arcane Marksman)      Turns: 897, Time: 00:01:30

Health: 0/30       AC:  6    Str: 18    XL:     3   Next: 70%
Magic:  4/4        EV: 10    Int: 13    God:
Gold:   27         SH:  0    Dex: 11    Spells: 3/4 levels left

rFire    . . .     SeeInvis .   a - +0 hunting sling
rCold    . . .     Gourm    .   (no shield)
rNeg     . . .     Faith    .   F - +0 scale mail
rPois    .         Spirit   .   (no helmet)
rElec    .         Reflect  .   (no cloak)
rCorr    .         Harm     .   (no gloves)
MR       .....                  (no boots)
Stlth    ..........             (no amulet)
HPRegen  0.10/turn              (no ring)
MPRegen  0.09/turn              (no ring)

@: mighty, lethally poisoned (0 -> -2)
A: no striking features
a: no special abilities


You were on level 2 of the Dungeon.
You were not hungry.

You visited 1 branch of the dungeon, and saw 2 of its levels.

You collected 27 gold pieces.

Inventory:

Hand Weapons
 a - a +0 hunting sling (weapon)
Missiles
 d - 3 sling bullets (quivered)
 A - 19 stones
Armour
 F - a +0 scale mail (worn)
Scrolls
 j - a scroll of enchant armour {unknown}
 k - a scroll of amnesia {unknown}
 C - a scroll of recharging {unknown}
 D - a scroll of magic mapping {unknown}
Potions
 i - a potion of lignification {unknown}
 E - a potion of curing {unknown}
Books
 c - a book of Debilitation

   Spells                             Type                      Level
   a - Corona                         Hexes                        1
   b - Slow                           Hexes                        2
   c - Inner Flame                    Hexes/Fire                   3
   d - Portal Projectile              Hexes/Translocation          3
   e - Cause Fear                     Hexes                        4
   f - Leda's Liquefaction            Hexes/Earth                  4
Comestibles
 f - 2 bread rations
 z - 2 meat rations
 B - a royal jelly
 G - 4 chunks of flesh


   Skills:
 + Level 2.8 Fighting
 - Level 1.7 Slings
 + Level 2.5 Armour
 - Level 1.5 Dodging
 - Level 1.0 Spellcasting
 - Level 3.0 Hexes


You had 3 spell levels left.
You knew the following spells:

 Your Spells              Type           Power        Failure   Level  Hunger
a - Corona                Hex            #......      26%         1    ##.....


Dungeon Overview and Level Annotations

Branches:
Dungeon (2/15)

Altars:


Message History

The adder bites you but does no damage!
Firing (i - inventory! (,) - cycle):
d - 5 sling bullets (quivered)
Butts: ? - help, Shift-Dir - straight line, f/p - adder
Aim: an adder (heavily wounded) Butt shoot a sling bullet!
The sling bullet misses the adder!
The bat closely misses you! The bat butt-ly misses you!
The bat barely misses you! The adder barely misses you!
Firing (i - inventory! (,) - cycle):
d - 4 sling bullets (quivered)
Press: ? - help, Shift-Dir - straight line, f/p - adder
Aim: an adder (heavily wounded)
You shoot a sling bullet! The sling bullet hits the adder!
The adder is heavily wounded!
You feel sick! The bat barely misses you! The adder bites you! * * * don't die
* * * The adder misses you!
The bat hits you but butts no damage!
It was a potion of might!
You feel very butt all of a sudden! The bat butts you but does no damage!
The bat barely misses you! The adder bites you! butt

#.# #.# ..#
#.# .## ##.#
.#
...#####..#
.#
.........##
.#
#######.##
#.##
###..######
#.....@bbK#
#.#(#.#S#.#
#.(...g..(#
#(#.#.#(#(#
#.........#
#(#.#.#.#.#
#......(...#
...#.#$#.#.#
........#


You could see an adder, a goblin, 2 bats and a kobold.

Vanquished Creatures
  2 adders (D:2)
  A dart slug (D:1)
  3 goblins (D:1)
  A hobgoblin (D:1)
  8 kobolds
  A quokka (D:2)
  6 bats (D:1)
  5 frilled lizards
  5 rats
32 creatures vanquished.

Notes
Turn   | Place    | Note
-------+----------+-------------------------------------------
     0 | D:1      | Gorglomux the Hill Orc Arcane Marksman began the quest for the Orb.
     0 | D:1      | Reached XP level 1. HP: 16/16 MP: 2/2
   101 | D:1      | Reached skill level 1 in Armour
   101 | D:1      | Reached XP level 2. HP: 24/24 MP: 3/3
   571 | D:1      | Reached XP level 3. HP: 29/29 MP: 4/4
   897 | D:2      | Slain by an adder

Vault maps used:
D:1:      lightli_arrival_statuegarden, serial_forest,
          infiniplex_forest_clump_small, infiniplex_forest_clump_long,
          infiniplex_forest_lined_3, infiniplex_forest_lined_corner,
          infiniplex_forest_clump_small
D:2:      first_bread, serial_co_window_serial, co_window_paths_a,
          co_window_paths_b, co_window_paths_b, co_window_paths_a,
          co_window_corner_a, co_window_corner_a, co_window_broadway_b,
          co_window_broadway_a, co_window_broadway_a, glass_columns_a,
          glass_columns_c, glass_columns_a, grunt_ashenzari_visionary,
          uniq_crazy_yiuf_cottage

Skill      XL: |  1  2 |
---------------+-------+-----
Fighting       | 2 |  2.8
Armour         | 1 2 |  2.5
Slings         | |  1.7
Dodging        | |  1.5
Spellcasting   | |  1.0
Hexes          | |  3.0

Action                   || total
-------------------------++-------
Melee: Unarmed           ||     8
 Fire: Hunting sling     ||   100
  Use: Potion            ||     1
Armor: Robe              ||    11
       Scale mail        ||    39
Dodge: Dodged            ||    50
